 Dungeon Crawl Stone Soup version 0.30.0-10-gfe55d96785 (webtiles) character file.

Game seed: 4271665262559461094

15852 qw the Cleaver (level 12, -1/77 HPs)
             Began as a Gargoyle Cinder Acolyte on May 16, 2023.
             Was a Follower of Ignis.
             Slain by a komodo dragon (18 damage)
             ... on level 2 of the Lair of Beasts.
             The game lasted 00:05:07 (9785 turns).

qw the Cleaver (Gargoyle Cinder Acolyte)            Turns: 9785, Time: 00:05:07

Health: -1/77      AC: 31    Str: 22    XL:     12   Next: 31%
Magic:  0/13       EV:  6    Int: 16    God:    Ignis [*.....]
Gold:   532        SH:  4    Dex:  5    Spells: 13/13 levels left

rFire   + + .        Y - +1 broad axe (drain)
rCold   . . .        o - +0 buckler
rNeg    + . .        f - +0 plate armour
rPois   inf          l - +0 helmet
rElec   +            (no cloak)
rCorr   .            (no gloves)
SInv    .            (no boots)
Will    .....        d - amulet of guardian spirit Stlth
                     c - ring of protection from fire
HPRegen 0.32/turn    (no ring)
MPRegen 0.13/turn

%: guardian spirit
@: fiery-armoured
A: sickness immunity, AC +8, negative energy resistance 1, electricity
resistance, torment resistance 1, petrification resistance
a: Renounce Religion, Fiery Armour, Foxfire Swarm, Rising Flame


You were on level 2 of the Lair of Beasts.
You worshipped Ignis.
Ignis was aware of your devotion.
You visited 2 branches of the dungeon, and saw 11 of its levels.

You collected 532 gold pieces.


Innate Abilities, Weirdness & Mutations

You are immune to sickness and miasma.
Your stone body is resilient. (AC +8)
You are immune to poison.
You resist negative energy. (rN+)
You are resistant to electric shocks. (rElec)
You are resistant to unholy torment.
You are immune to petrification.


   Skills:
 - Level 10.0 Fighting
 + Level 13.4 Axes
 - Level 1.2 Throwing
 - Level 9.1 Armour
 - Level 1.1 Dodging
 - Level 6.4 Shields
 - Level 1.0 Spellcasting
 - Level 3.0 Fire Magic


You had 13 spell levels left.
You didn't know any spells.
Your spell library contained the following spells:

 Spells                   Type           Power      Damage    Failure   Level
 Scorch                   Fire           20%        2d6       86%         2

Inventory:

Hand Weapons
 k - a +0 morningstar
 n - the +1 whip "Liuxkol" {speed, Fragile rF+ Will+ rCorr}
   (You found it on level 7 of the Dungeon)

   rF:        It protects you from fire.
   rCorr:     It protects you from acid and corrosion.
   Fragile:   It will be destroyed if unequipped.
   Will:      It increases your willpower.
 Y - a +1 broad axe of draining (weapon)
Armour
 f - a +0 plate armour (worn)
 j - +0 ice dragon scales
 l - a +0 helmet (worn)
 o - a +0 buckler (worn)
Jewellery
 c - a ring of protection from fire (left hand)
 d - an amulet of guardian spirit (around neck)
Scrolls
 h - 3 scrolls of identify
Potions
 a - 6 potions of curing
 e - a potion of cancellation
 m - a potion of haste

Dungeon Overview and Level Annotations

Branches:
Dungeon (9/15)             Temple (0/1) D:5            Lair (2/5) D:9
  Swamp: Lair:2-3    Shoals: Lair:2-3     Snake: Lair:2-3    Spider: Lair:2-3
    Orc: D:9-12

Altars:
Dithmenos
Elyvilon
Gozag
Makhleb
Nemelex Xobeh
Qazlal
Ru
Sif Muna
Vehumet
Zin
The Shining One

Annotations:
D:1 1 runed translucent door
D:4 2 transporters, qw's ghost, amateur GrFi
Lair:1 2 transporters, qw's ghost, journeyman GrCA


Message History

The komodo dragon bites you.
9782 ||| DRINKING potion of heal wounds.
You feel much better. You block the komodo dragon's attack.
The six-headed hydra bites you but does no damage.
The six-headed hydra is burned by your cloak of flames.
The six-headed hydra is severely wounded.
The six-headed hydra barely misses you.
You block the six-headed hydra's attack.
The six-headed hydra bites you but does no damage.
The six-headed hydra is burned by your cloak of flames.
The six-headed hydra is severely wounded.
The six-headed hydra bites you.
The six-headed hydra is burned by your cloak of flames.
The six-headed hydra is almost dead.
The six-headed hydra bites you but does no damage.
The six-headed hydra is burned by your cloak of flames.
The six-headed hydra is almost dead.
The komodo dragon bites you.
The komodo dragon is burned by your cloak of flames.
The komodo dragon is lightly wounded.
A yak comes into view.
You thump the six-headed hydra!
You kill the six-headed hydra!
The komodo dragon bites you but does no damage.
The komodo dragon is burned by your cloak of flames.
The komodo dragon is moderately wounded.
You block the komodo dragon's attack.
Your Armour skill increases to level 9!
9784 ||| SWAPPING to +1 broad axe of draining.
You sense an unholy aura.
Y - a +1 broad axe of draining (weapon)
The komodo dragon bites you!!
The komodo dragon is burned by your cloak of flames.
The komodo dragon is heavily wounded.
You slash the komodo dragon! You drain the komodo dragon.
The komodo dragon is almost dead.
You hit the komodo dragon but do no damage.
The komodo dragon bites you!!
You die...

.................#
....P..#.+...../.#
....#.....#.....##
....#.....#.....##
.. ...#.#.#......#
. .......(......##
####Y.........#
##%l.......##
#@%.......P#
#l%.......##
#..........#
#..........##
.............#
l.l...........#
#.P#..##.########
## #P# ### ##


You could see 2 komodo dragons and a yak.

Vanquished Creatures
  A hydra (Lair:2)
  2 two-headed ogres
  6 death yaks (Lair:1)
  A skyshark (Lair:2)
  4 elephants (Lair:1)
  A black mamba (Lair:2)
  A torpor snail (Lair:1)
  4 cane toads (Lair:1)
  Maggie (D:7)
  A hornet (D:5)
  A polar bear (Lair:1)
  A wraith (D:9)
  9 yaks (Lair:1)
  A wyvern (D:9)
  2 basilisks
  3 steam dragons
  Menkaure (D:6)
  4 water moccasins
  2 orc warriors
  2 centaurs
  9 wolves
  A phantom (D:5)
  2 ogres
  2 kobold brigands
  7 bullfrogs
  5 scorpions
  6 killer bees (D:7)
  2 howler monkeys
  4 jellies
  5 hounds
  3 orc priests
  2 gnoll boudas (D:9)
  9 orc wizards
  2 sleepcaps (D:6)
  An iguana (D:7)
  A mummy (D:5)
  9 gnolls (D:9)
  6 adders
  2 river rats (D:5)
  2 shadow imps
  2 white imps (D:8)
  2 worms (D:3)
  3 dart slugs
  29 orcs
  5 ball pythons
  7 endoplasms
  4 giant cockroaches
  6 hobgoblins
  4 quokkas
  6 bats
  3 frilled lizards
  8 goblins
  2 hobgoblin zombies (D:5)
  12 kobolds
  A kobold zombie (D:5)
  An orc zombie (D:5)
  6 rats
229 creatures vanquished.

Notes
Turn   | Place    | Note
-------+----------+-------------------------------------------
     0 | D:1      | qw the Gargoyle Cinder Acolyte began the quest for the Orb.
     0 | D:1      | Reached XP level 1. HP: 14/14 MP: 2/2
     0 | D:1      | 0 ||| qw: Version: 0.2-a-94-gb5d2a68
     0 | D:1      | 0 ||| qw: Game counter: 66
     0 | D:1      | 0 ||| qw: Always use a shield: true
     0 | D:1      | 0 ||| qw: God list: Okawaru
     0 | D:1      | 0 ||| qw: Allow faded altars: false
     0 | D:1      | 0 ||| qw: Do Orc after D:15 true
     0 | D:1      | 0 ||| qw: Do second Lair branch before Depths: true
     0 | D:1      | 0 ||| qw: Lair rune preference: random
     0 | D:1      | 0 ||| qw: Plans: Normal
     0 | D:1      | 0 ||| PLANNING D:1-11
     1 | D:1      | Found a runed translucent door.
    94 | D:1      | Reached skill level 3 in Axes
   120 | D:1      | Reached XP level 2. HP: 16/19 MP: 3/3
   623 | D:1      | 623 ||| UPGRADING to +0 plate armour.
   633 | D:1      | 633 ||| DROPPING +0 robe.
   634 | D:1      | 634 ||| READING scroll labelled TYICZO CYWI.
   635 | D:1      | 635 ||| READING scroll labelled CESAWY GYCSUTIR.
   636 | D:1      | 636 ||| READING scroll labelled JOVORE VUSS.
   685 | D:2      | 685 ||| Stepping ~*~*~tactically~*~*~ (hiding).
   686 | D:2      | 686 ||| Stepping ~*~*~tactically~*~*~ (hiding).
   719 | D:2      | Reached XP level 3. HP: 23/23 MP: 4/4
   774 | D:2      | Reached skill level 1 in Armour
   838 | D:2      | 838 ||| Stepping ~*~*~tactically~*~*~ (stealth).
   851 | D:2      | 851 ||| Stepping ~*~*~tactically~*~*~ (stealth).
   858 | D:2      | 858 ||| Stepping ~*~*~tactically~*~*~ (stealth).
   860 | D:2      | 860 ||| Stepping ~*~*~tactically~*~*~ (stealth).
   909 | D:2      | Found an opulent altar of Gozag.
  1003 | D:2      | 1003 ||| Stepping ~*~*~tactically~*~*~ (hiding).
  1005 | D:2      | 1005 ||| Stepping ~*~*~tactically~*~*~ (hiding).
  1240 | D:2      | 1240 ||| READING scroll labelled EMAZUY CETICS.
  1245 | D:2      | 1245 ||| DRINKING 2 glowing yellow potions.
  1246 | D:2      | 1246 ||| DROPPING potion of degeneration.
  1426 | D:3      | 1426 ||| READING scroll of teleportation.
  1553 | D:3      | 1553 ||| Stepping ~*~*~tactically~*~*~ (stealth).
  1560 | D:3      | Reached XP level 4. HP: 24/28 MP: 5/5
  1568 | D:3      | Reached skill level 4 in Axes
  1574 | D:3      | 1574 ||| Stepping ~*~*~tactically~*~*~ (stealth).
  1576 | D:3      | 1576 ||| Stepping ~*~*~tactically~*~*~ (stealth).
  1622 | D:3      | 1622 ||| READING scroll of enchant weapon.
  1622 | D:3      | 1622 ||| ENCHANTING +0 hand axe of flaming.
  1671 | D:3      | 1671 ||| Stepping ~*~*~tactically~*~*~ (stealth).
  1682 | D:3      | 1682 ||| Stepping ~*~*~tactically~*~*~ (hiding).
  1788 | D:3      | 1788 ||| Stepping ~*~*~tactically~*~*~ (hiding).
  1903 | D:3      | 1903 ||| Stepping ~*~*~tactically~*~*~ (stealth).
  1905 | D:3      | 1905 ||| Stepping ~*~*~tactically~*~*~ (hiding).
  1906 | D:3      | 1906 ||| Stepping ~*~*~tactically~*~*~ (hiding).
  1928 | D:3      | Reached XP level 5. HP: 20/32 MP: 6/6
  2270 | D:3      | Found a burning altar of Makhleb.
  2307 | D:3      | 2307 ||| READING scroll labelled EFFEWK DUUMEN.
  2308 | D:3      | 2308 ||| READING scroll labelled PEAPHIABAR.
  2309 | D:3      | 2309 ||| READING scroll labelled DEIPLI UTEWAOG.
  2310 | D:3      | 2310 ||| READING scroll labelled XYHIUK ZUTEARCH.
  2389 | D:3      | 2389 ||| DROPPING +0 mace.
  2390 | D:3      | 2390 ||| READING scroll labelled FUGALI QANAB.
  2391 | D:3      | 2391 ||| DRINKING 3 brown potions.
  2392 | D:3      | 2392 ||| DRINKING 3 viscous black potions.
  2393 | D:3      | 2393 ||| READING 2 scrolls of identify.
  2393 | D:3      | 2393 ||| IDENTIFYING fizzy pink potion
  2394 | D:3      | 2394 ||| DROPPING potion of ambrosia.
  2427 | D:4      | 2427 ||| READING scroll of teleportation.
  2472 | D:4      | Found a transporter.
  2486 | D:4      | Found a transporter.
  2509 | D:4      | Noticed qw's ghost (amateur GrFi)
  2511 | D:4      | Noticed an orc warrior
  2569 | D:4      | 2569 ||| READING scroll of teleportation.
  2840 | D:4      | Found a sparkling altar of Nemelex Xobeh.
  2885 | D:4      | 2885 ||| READING scroll labelled BOMU RA RIZ.
  2886 | D:4      | 2886 ||| READING scroll labelled GASAIF GAINLU.
  2887 | D:4      | 2887 ||| READING scroll labelled MAESIULECI.
  2888 | D:4      | 2888 ||| DRINKING 2 lumpy purple potions.
  2889 | D:4      | 2889 ||| DRINKING 2 dark potions.
  2934 | D:4      | 2934 ||| READING 2 scrolls of identify.
  2934 | D:4      | 2934 ||| IDENTIFYING fuming black potion
  2935 | D:4      | 2935 ||| DROPPING potion of magic.
  2936 | D:4      | 2936 ||| DROPPING potion of attraction.
  2937 | D:4      | 2937 ||| DROPPING potion of lignification.
  2957 | D:5      | Entered Level 5 of the Dungeon
  2958 | D:5      | 2958 ||| PLANNING SEWER
  2964 | D:5      | Reached skill level 5 in Axes
  2964 | D:5      | 2964 ||| STAIRDANCE
  2977 | D:4      | Reached skill level 3 in Armour
  3008 | D:5      | Reached XP level 6. HP: 37/38 MP: 7/7
  3025 | D:5      | 3025 ||| Stepping ~*~*~tactically~*~*~ (hiding).
  3062 | D:5      | Noticed a hornet
  3063 | D:5      | 3063 ||| Stepping ~*~*~tactically~*~*~ (stealth).
  3106 | D:5      | 3106 ||| INVOKING Fiery Armour.
  3109 | D:5      | Killed a hornet
  3110 | D:5      | Reached skill level 6 in Axes
  3110 | D:5      | Reached XP level 7. HP: 13/43 MP: 8/8
  3233 | D:5      | Found a staircase to the Ecumenical Temple.
  3357 | D:5      | 3357 ||| Stepping ~*~*~tactically~*~*~ (hiding).
  3457 | D:5      | Reached skill level 7 in Axes
  3651 | D:5      | 3651 ||| RIP SEWER
  3652 | D:5      | 3652 ||| PLANNING D:1-11
  3689 | D:5      | 3689 ||| Stepping ~*~*~tactically~*~*~ (stealth).
  3784 | D:5      | 3784 ||| Stepping ~*~*~tactically~*~*~ (stealth).
  3837 | D:5      | Reached XP level 8. HP: 43/49 MP: 9/9
  3840 | D:5      | 3840 ||| Stepping ~*~*~tactically~*~*~ (stealth).
  3865 | D:5      | 3865 ||| READING scroll of enchant weapon.
  3865 | D:5      | 3865 ||| ENCHANTING +1 hand axe of draining.
  3912 | D:5      | Reached skill level 1 in Throwing
  4199 | D:5      | 4199 ||| UPGRADING to ring of protection from fire.
  4200 | D:5      | 4200 ||| READING scroll labelled DAJIOXK TOEVY.
  4301 | D:5      | 4301 ||| READING scroll labelled ISE EM KATZ.
  4302 | D:5      | 4302 ||| READING 2 scrolls of identify.
  4302 | D:5      | 4302 ||| IDENTIFYING clear potion
  4303 | D:5      | 4303 ||| DROPPING potion of invisibility.
  4393 | D:6      | Found a glowing golden altar of the Shining One.
  4542 | D:6      | Found a shimmering blue altar of Sif Muna.
  4706 | D:6      | 4706 ||| Stepping ~*~*~tactically~*~*~ (stealth).
  4707 | D:6      | 4707 ||| Stepping ~*~*~tactically~*~*~ (stealth).
  4719 | D:6      | 4719 ||| Stepping ~*~*~tactically~*~*~ (stealth).
  4720 | D:6      | 4720 ||| Stepping ~*~*~tactically~*~*~ (stealth).
  4829 | D:6      | 4829 ||| Stepping ~*~*~tactically~*~*~ (stealth).
  4837 | D:6      | 4837 ||| Stepping ~*~*~tactically~*~*~ (hiding).
  4841 | D:6      | 4841 ||| Stepping ~*~*~tactically~*~*~ (hiding).
  4842 | D:6      | 4842 ||| Stepping ~*~*~tactically~*~*~ (hiding).
  4843 | D:6      | 4843 ||| Stepping ~*~*~tactically~*~*~ (hiding).
  4844 | D:6      | 4844 ||| Stepping ~*~*~tactically~*~*~ (hiding).
  4857 | D:6      | Reached skill level 8 in Axes
  5008 | D:6      | Noticed Menkaure
  5015 | D:6      | Killed Menkaure
  5016 | D:6      | Reached skill level 6 in Fighting
  5357 | D:6      | 5357 ||| UPGRADING to amulet of guardian spirit.
  5388 | D:7      | 5388 ||| STAIRDANCE
  5413 | D:7      | Found a flagged portal.
  5443 | D:7      | 5443 ||| READING scroll of brand weapon.
  5443 | D:7      | 5443 ||| BRANDING +2 hand axe of draining.
  5461 | D:7      | 5461 ||| Stepping ~*~*~tactically~*~*~ (stealth).
  5475 | D:7      | Reached XP level 9. HP: 46/56 MP: 7/10
  5520 | D:7      | 5520 ||| READING scroll of teleportation.
  5526 | D:7      | Reached skill level 9 in Axes
  5550 | D:7      | 5550 ||| Stepping ~*~*~tactically~*~*~ (stealth).
  5604 | D:7      | 5604 ||| INVOKING Fiery Armour.
  5615 | D:7      | 5615 ||| DRINKING 3 potions of curing.
  5615 | D:7      | 5615 ||| (to cure confusion)
  5701 | D:7      | 5701 ||| SWAPPING to +0 broad axe.
  5702 | D:7      | 5702 ||| DROPPING +2 hand axe of venom.
  5703 | D:7      | 5703 ||| READING scroll of enchant weapon.
  5703 | D:7      | 5703 ||| ENCHANTING +0 broad axe.
  5806 | D:7      | 5806 ||| Stepping ~*~*~tactically~*~*~ (hiding).
  5837 | D:7      | 5837 ||| Stepping ~*~*~tactically~*~*~ (hiding).
  5839 | D:7      | 5839 ||| Stepping ~*~*~tactically~*~*~ (hiding).
  5847 | D:7      | 5847 ||| INVOKING Fiery Armour.
  5961 | D:7      | Identified the +1 whip "Liuxkol" {speed, Fragile rF+ Will+
                  | rCorr}
  6046 | D:7      | Found a white marble altar of Elyvilon.
  6046 | D:7      | Found a radiant altar of Vehumet.
  6048 | D:7      | Found a sacrificial altar of Ru.
  6054 | D:7      | Found a stormy altar of Qazlal.
  6138 | D:7      | 6138 ||| READING 3 scrolls of identify.
  6138 | D:7      | 6138 ||| IDENTIFYING bubbling yellow potion
  6139 | D:7      | 6139 ||| READING 2 scrolls of identify.
  6139 | D:7      | 6139 ||| IDENTIFYING smoky ruby potion
  6140 | D:7      | 6140 ||| DROPPING potion of brilliance.
  6141 | D:7      | 6141 ||| DROPPING potion of berserk rage.
  6147 | D:8      | Noticed Maggie
  6151 | D:8      | 6151 ||| STAIRDANCE
  6199 | D:7      | 6199 ||| DROPPING +0 flail.
  6209 | D:8      | 6209 ||| STAIRDANCE
  6218 | D:7      | 6218 ||| INVOKING Fiery Armour.
  6223 | D:7      | Killed Maggie
  6224 | D:7      | Reached skill level 10 in Axes
  6355 | D:8      | 6355 ||| Stepping ~*~*~tactically~*~*~ (stealth).
  6359 | D:8      | 6359 ||| Stepping ~*~*~tactically~*~*~ (hiding).
  6374 | D:8      | 6374 ||| DRINKING 3 potions of curing.
  6374 | D:8      | 6374 ||| (to cure confusion)
  6506 | D:8      | 6506 ||| Stepping ~*~*~tactically~*~*~ (hiding).
  6507 | D:8      | 6507 ||| Stepping ~*~*~tactically~*~*~ (hiding).
  6647 | D:8      | 6647 ||| Stepping ~*~*~tactically~*~*~ (stealth).
  6670 | D:8      | Reached skill level 6 in Armour
  6753 | D:8      | Noticed a two-headed ogre
  6760 | D:8      | 6760 ||| INVOKING Fiery Armour.
  6760 | D:8      | HP: 13/57 [two-headed ogre/+0 giant club (5)]
  6760 | D:8      | HP: 5/57 [two-headed ogre/+0 giant club (8)]
  6761 | D:8      | 6761 ||| DRINKING 4 potions of heal wounds.
  6765 | D:8      | 6765 ||| DRINKING 3 potions of heal wounds.
  6766 | D:8      | Killed a two-headed ogre
  6767 | D:8      | Reached XP level 10. HP: 32/65 MP: 1/11
  7104 | D:8      | 7104 ||| DRINKING 2 ruby potions.
  7138 | D:9      | Found a shadowy altar of Dithmenos.
  7162 | D:9      | 7162 ||| Stepping ~*~*~tactically~*~*~ (stealth).
  7184 | D:9      | 7184 ||| Stepping ~*~*~tactically~*~*~ (stealth).
  7185 | D:9      | 7185 ||| Stepping ~*~*~tactically~*~*~ (stealth).
  7219 | D:9      | Found a glowing silver altar of Zin.
  7343 | D:9      | Noticed a two-headed ogre
  7351 | D:9      | 7351 ||| INVOKING Fiery Armour.
  7357 | D:9      | HP: 4/65 [two-headed ogre/+0 giant club (16)]
  7357 | D:9      | Killed a two-headed ogre
  7358 | D:9      | Reached skill level 11 in Axes
  7578 | D:9      | Reached skill level 1 in Dodging
  7606 | D:9      | 7606 ||| INVOKING Fiery Armour.
  7629 | D:9      | Reached skill level 9 in Fighting
  7776 | D:9      | 7776 ||| Stepping ~*~*~tactically~*~*~ (hiding).
  7782 | D:9      | 7782 ||| Stepping ~*~*~tactically~*~*~ (hiding).
  7798 | D:9      | 7798 ||| INVOKING Fiery Armour.
  7928 | D:9      | Found the +1 robe of Vines {NoPotionHeal Regen++++}
  7942 | D:9      | Noticed a deep elf pyromancer
  7942 | D:9      | Noticed a seven-headed hydra
  7962 | D:9      | 7962 ||| READING scroll of brand weapon.
  7962 | D:9      | 7962 ||| BRANDING +1 broad axe.
  8079 | D:9      | Found a staircase to the Lair.
  8202 | D:9      | 8202 ||| PLANNING LAIR
  8244 | Lair:1   | Entered Level 1 of the Lair of Beasts
  8253 | Lair:1   | 8253 ||| STAIRDANCE
  8351 | Lair:1   | Noticed a cane toad
  8363 | Lair:1   | Killed a cane toad
  8525 | Lair:1   | Noticed a cane toad
  8525 | Lair:1   | Noticed a cane toad
  8527 | Lair:1   | Reached skill level 12 in Axes
  8527 | Lair:1   | Reached XP level 11. HP: 64/71 MP: 10/12
  8538 | Lair:1   | 8538 ||| INVOKING Fiery Armour.
  8569 | Lair:1   | HP: 8/72 [cane toad (12)]
  8570 | Lair:1   | 8570 ||| DRINKING 3 potions of heal wounds.
  8718 | Lair:1   | Found a transporter.
  8729 | Lair:1   | Found a transporter.
  8737 | Lair:1   | Noticed a skyshark
  8737 | Lair:1   | Noticed qw's ghost (journeyman GrCA)
  8761 | Lair:1   | Noticed a death yak
  8762 | Lair:1   | 8762 ||| INVOKING Fiery Armour.
  8765 | Lair:1   | Noticed a death yak
  8766 | Lair:1   | Noticed a death yak
  8767 | Lair:1   | Noticed a death yak
  8768 | Lair:1   | Noticed a death yak
  8768 | Lair:1   | Noticed a death yak
  8775 | Lair:1   | Killed a death yak
  8780 | Lair:1   | Killed a death yak
  8782 | Lair:1   | HP: 14/72 [death yak (9)]
  8782 | Lair:1   | Killed a death yak
  8783 | Lair:1   | 8783 ||| DRINKING 2 potions of heal wounds.
  8784 | Lair:1   | Killed a death yak
  8787 | Lair:1   | Killed a death yak
  8791 | Lair:1   | Killed a death yak
  8792 | Lair:1   | Reached skill level 13 in Axes
  9460 | Lair:1   | 9460 ||| UPGRADING to +0 helmet.
  9465 | Lair:1   | 9465 ||| UPGRADING to +0 buckler.
  9470 | Lair:1   | 9470 ||| READING scroll labelled SANUPT WORE.
  9471 | Lair:1   | 9471 ||| DRINKING 2 black potions.
  9487 | Lair:2   | 9487 ||| STAIRDANCE
  9492 | Lair:1   | Reached skill level 1 in Shields
  9555 | Lair:2   | 9555 ||| STAIRDANCE
  9567 | Lair:1   | Reached skill level 3 in Shields
  9567 | Lair:1   | Reached XP level 12. HP: 48/77 MP: 6/13
  9666 | Lair:2   | 9666 ||| STAIRDANCE
  9746 | Lair:2   | 9746 ||| Stepping ~*~*~tactically~*~*~ (hiding).
  9748 | Lair:2   | 9748 ||| Stepping ~*~*~tactically~*~*~ (hiding).
  9758 | Lair:2   | Noticed a skyshark
  9762 | Lair:2   | 9762 ||| INVOKING Fiery Armour.
  9771 | Lair:2   | Killed a skyshark
  9772 | Lair:2   | Reached skill level 6 in Shields
  9772 | Lair:2   | Noticed a six-headed hydra
  9780 | Lair:2   | 9780 ||| SWAPPING to +0 morningstar.
  9781 | Lair:2   | HP: 16/77 [komodo dragon (5)]
  9782 | Lair:2   | 9782 ||| DRINKING potion of heal wounds.
  9783 | Lair:2   | Killed a six-headed hydra
  9784 | Lair:2   | Reached skill level 9 in Armour
  9784 | Lair:2   | 9784 ||| SWAPPING to +1 broad axe of draining.
  9785 | Lair:2   | Slain by a komodo dragon

Levels and vault maps discovered:
D:1:      dpeg_arrival_caged_fury, layout_basic, st_stairs_10
D:2:      layout_basic, basic_altar
D:3:      layout_basic, overflow_temple_1_default,
          minmay_randomly_rotated_circles
D:4:      layout_rooms, nemelex_dance_club_becter, gammafunk_ghost_arena
D:5:      layout_layer_cave, minmay_temple_entry_fiery, gup_sewer_entry_bubbles,
          minmay_mini_ossuary
D:6:      layout_basic, nicolae_sif_muna_condensation,
          nicolae_tso_swordbearing_angel, serial_corexii_hall,
          corexii_hall_statues_i, corexii_hall_statues_x, uniq_menkaure
D:7:      layout_cave_pools, nicolae_overflow_quartered_altars, enter_bailey_6,
          kennysheep_windowed_goal
D:8:      layout_cave_pools, uniq_maggie
D:9:      layout_basic, nicolae_dithmenos_through_a_glass_darkly,
          mainiacjoe_overflow_six_doors_small, lair_entry_dummy,
          onia_ninara_dug_in_and_dangerous
Lair:1:   layout_cave_shapes, nzn_ghost_randoct, infiniplex_staircase_pool_2
Lair:2:   layout_chaotic_city, minmay_swamp_entry_worms,
          nicolae_spider_entry_orb_guardian, serial_bayou_shore_a

Skill      XL: |  1  2  3  4  5  6  7  8  9 10 11 12 |
---------------+-------------------------------------+-----
Axes           | 3 4 5 6 7 8 10 12 13 | 13.4
Armour         | 2 3 4 6 7 8 9 |  9.1
Fighting       | 4 5 6 8 9 10 | 10.0
Throwing       | 1 |  1.2
Dodging        | 1 |  1.1
Shields        | 3 6 |  6.4
Spellcasting   | |  1.0
Fire Magic     | |  3.0

Action                     |  1- 3 |  4- 6 |  7- 9 | 10-12 || total
---------------------------+-------+-------+-------+-------++-------
  Melee: Hand axe          |   121 |   154 |   228 |       ||   503
         Punch             |       |     1 |     5 |     5 ||    11
         Broad axe         |       |       |    99 |   251 ||   350
         Morningstar       |       |       |       |     2 ||     2
  Throw: Boomerang         |       |     4 |   112 |    36 ||   152
 Invoke: Fiery Armour      |       |     1 |     4 |     6 ||    11
    Use: Scroll            |     5 |    13 |     9 |     2 ||    29
         Potion            |     1 |     4 |     4 |     5 ||    14
 Armour: Robe              |    14 |       |       |       ||    14
         Plate armour      |    65 |   117 |   231 |   307 ||   720
  Dodge: Dodged            |    40 |    35 |    66 |   105 ||   246
  Block: Buckler           |       |       |       |    18 ||    18

Table legend:
 A = Non-vault XP
 B = Vault XP
 C = Vault XP percentage of total XP
 D = Non-vault monster count
 E = Vault monster count
 F = Vault count percentage of total count
                 A         B        C        D         E       F
            +---------+---------+-------+---------+---------+-------
      Total |   21813 |     834 |   3.7 |     203 |      26 |  11.4
            +---------+---------+-------+---------+---------+-------
        D:1 |      21 |       7 |  25.0 |      13 |       4 |  23.5
        D:2 |      26 |       0 |   0.0 |      13 |       0 |   0.0
        D:3 |     101 |      12 |  10.6 |      18 |       6 |  25.0
        D:4 |      91 |       5 |   5.2 |       7 |       2 |  22.2
        D:5 |    1099 |      55 |   4.8 |      23 |      11 |  32.4
        D:6 |     673 |     172 |  20.4 |      19 |       1 |   5.0
        D:7 |    1277 |     583 |  31.3 |      28 |       2 |   6.7
        D:8 |    1260 |       0 |   0.0 |      15 |       0 |   0.0
        D:9 |    1930 |       0 |   0.0 |      21 |       0 |   0.0
     Lair:1 |   12227 |       0 |   0.0 |      35 |       0 |   0.0
     Lair:2 |    3108 |       0 |   0.0 |      11 |       0 |   0.0
            +---------+---------+-------+---------+---------+-------
